 Dungeon Crawl Stone Soup version 0.31-a0-202-g547052bce9 (webtiles) character file.

Game seed: 10167933159238811690

703 KennyOmg the Poker (level 7, -3/63 HPs)
             Began as a Minotaur Berserker on June 27, 2023.
             Was a Believer of Trog.
             Slain by an orange demon (12 damage)
             ... on level 1 of the Abyss.
             The game lasted 00:04:54 (2717 turns).

KennyOmg the Poker (Minotaur Berserker)             Turns: 2717, Time: 00:04:55

Health: -3/63      AC:  6    Str: 21    XL:     7   Next: 39%
Magic:  6/6        EV: 11    Int:  6    God:    Trog [**....]
Gold:   179        SH:  0    Dex: 10    Spells: 6/6 levels left

rFire   . . .        c - +1 spear (vamp) {!w}
rCold   . . .        (no shield)
rNeg    . . .        f - +0 ring mail
rPois   .            (helmet restricted)
rElec   .            (no cloak)
rCorr   .            (no gloves)
SInv    .            (no boots)
Will    ++...        (no amulet) Stlth
                     (no ring)
HPRegen 1.30/turn    (no ring)
MPRegen 0.10/turn

%: no passive effects
@: weakened, strong-willed, on berserk cooldown, regenerating
A: horns 2, retaliatory headbutt
a: Renounce Religion, Berserk, Trog's Hand


You were on level 1 of the Abyss.
You worshipped Trog.
Trog was pleased with you.
You visited 1 branch of the dungeon, and saw 4 of its levels.
You visited the Abyss 1 time.

You collected 179 gold pieces.

Inventory:

Hand Weapons
 c - a +1 vampiric spear (weapon) {!w}
   (You found it on level 1 of the Dungeon)
Armour
 f - a +0 ring mail (worn)
   (You found it on level 1 of the Dungeon)
Jewellery
 k - a +5 ring of evasion
   (You found it on level 2 of the Dungeon)
Wands
 x - a wand of acid (6)
   (You took it off Pikel on level 4 of the Dungeon)
Scrolls
 a - 3 scrolls of identify {unknown}
 b - 3 scrolls of poison {unknown}
 i - 3 scrolls of enchant armour {unknown}
 j - a scroll of immolation {unknown}
 p - a scroll of teleportation {unknown}
 q - a scroll of silence {unknown}
Potions
 d - a potion of haste {unknown}
 e - 2 potions of enlightenment {unknown}
 g - 3 potions of curing {@q1}
 h - 2 potions of heal wounds {unknown}
 l - a potion of brilliance {unknown}
 m - a potion of cancellation {unknown}
 n - a potion of mutation {unknown}
 o - a potion of attraction {unknown}


   Skills:
 + Level 6.0 Fighting
 - Level 3.6(5.7) Axes
 * Level 6.7(7.2) Polearms
 + Level 5.3 Armour
 - Level 2.1 Dodging


You had 6 spell levels left.
You didn't know any spells.
Your spell library was empty.

Dungeon Overview and Level Annotations

Branches:
Dungeon (4/15)
 Temple: D:4-7

Altars:
Kikubaaqudgha
Ru

Shops:
D:2 ((?[[


Innate Abilities, Weirdness & Mutations

You have a pair of horns on your head.
You reflexively headbutt those who attack you in melee.


Message History

Press: ? - help, Dir - move target, f/p - orc
Aim: an orc, wielding a +2 trident of distortion, wearing a +0 chain mail and wearing a +6 ring of dexterity (about 28% to evade your +1 vampiric spear)
You reach to attack!
You hit the orc.
You feel better.
An orc comes into view. It is wielding a +0 club.
The orc closely misses you.
Reach: c) +1 spear (vamp) {!w}
Press: ? - help, Dir - move target, f/p - orc
Aim: an orc, wielding a +2 trident of distortion, wearing a +0 chain mail and wearing a +6 ring of dexterity (moderately wounded, about 28% to evade your +1 vampiric spear)
You reach to attack!
You hit the orc.
You feel better.
The orc hits you from afar with a +2 trident of distortion.
* * * LOW HITPOINT WARNING * * *
You are cast into the Abyss!
This branch contains the abyssal rune of Zot.
An orange demon comes into view.
The orange demon screeches!
The orange demon stings you from afar.
* * * LOW HITPOINT WARNING * * *
You feel yourself speed up.
Your skin crawls.
You feel strong-willed.
You're still recovering from your berserk rage.
The orange demon barely misses you. You furiously retaliate!
You headbutt the orange demon! The orange demon closely misses you.
You barely miss the orange demon. The orange demon stings you!
* * * LOW HITPOINT WARNING * * *
The orange demon hits you but does no damage.
You barely miss the orange demon. You barely miss the orange demon.
Your headbutt misses the orange demon. The orange demon misses you.
You furiously retaliate!
You headbutt the orange demon. The orange demon hits you.
* * * LOW HITPOINT WARNING * * *
You hit the orange demon. The orange demon stings you.
* * * LOW HITPOINT WARNING * * *
You are poisoned.
The orange demon poisons you! The orange demon hits you.
* * * LOW HITPOINT WARNING * * *
You feel your attacks grow feeble.
You hit the orange demon but do no damage.
You headbutt the orange demon!
* * * LOW HITPOINT WARNING * * *
You feel very sick. The orange demon stings you.
* * * LOW HITPOINT WARNING * * *
The orange demon hits you but does no damage.
* * * LOW HITPOINT WARNING * * *
You feel very sick.
The orange demon stings you but does no damage.
It was a potion of curing.
You feel better. The orange demon stings you from afar!
You die...

##........#.....
..# ......
.#.##..#..#.
......##.. ..# .
. #....#.....#.
.... #
#...#..4..... .#
. #..# .## #.
##.4##.# #
##.#.# .# #@##.
. ### #. .. #.
#.


You could see an orange demon.

Vanquished Creatures
  Pikel (D:4)
  A lemure (D:4)
  A howler monkey (D:4)
  A jelly (D:4)
  An orc priest (D:3)
  10 adders
  A dart slug (D:3)
  3 orcs
  4 bats
  2 endoplasms
  3 giant cockroaches
  4 goblins
  8 hobgoblins
  2 kobolds
  3 quokkas
  6 ball pythons
  2 frilled lizards (D:1)
  6 rats
59 creatures vanquished.

Notes
Turn   | Place    | Note
-------+----------+-------------------------------------------
     0 | D:1      | KennyOmg the Minotaur Berserker began the quest for the
                  | Orb.
     0 | D:1      | Reached XP level 1. HP: 19/19 MP: 0/0
   400 | D:1      | Reached skill level 1 in Polearms
   439 | D:1      | Reached XP level 2. HP: 22/27 MP: 1/1
   797 | D:2      | Found Beoc's Armour Emporium.
   819 | D:2      | Reached XP level 3. HP: 33/33 MP: 2/2
   908 | D:2      | Found Natoz's Antique Weapon Shop.
   914 | D:2      | Reached XP level 4. HP: 40/40 MP: 3/3
   954 | D:2      | Reached ** piety under Trog
   989 | D:2      | Found Ypoc's Weapon Boutique.
   989 | D:2      | Noticed a +0 great mace
   989 | D:2      | Noticed a +0 great mace
  1069 | D:2      | Found Xonas's Magic Scroll Boutique.
  1134 | D:2      | Found Uxiydahall's Armour Boutique.
  1249 | D:2      | Found a sacrificial altar of Ru.
  1768 | D:3      | Reached XP level 5. HP: 47/47 MP: 4/4
  2048 | D:3      | Found an ancient bone altar of Kikubaaqudgha.
  2444 | D:4      | Reached skill level 5 in Fighting
  2551 | D:4      | Noticed a lemure
  2570 | D:4      | Killed a lemure
  2650 | D:4      | Noticed a lemure
  2651 | D:4      | Noticed a lemure
  2653 | D:4      | Noticed a lemure
  2653 | D:4      | Noticed Pikel
  2672 | D:4      | Killed Pikel
  2673 | D:4      | Reached skill level 5 in Armour
  2673 | D:4      | Reached XP level 6. HP: 27/57 MP: 5/5
  2673 | D:4      | Reached XP level 7. HP: 30/63 MP: 6/6
  2693 | Abyss:1  | Cast into level 1 of the Abyss (orc)
  2700 | Abyss:1  | Noticed an orange demon
  2716 | Abyss:1  | HP: 2/63 [poisoned by an orange demon]
  2717 | Abyss:1  | Slain by an orange demon

Illustrated notes

Levels and vault maps discovered:
D:1:      minmay_arrival_stone_box, layout_basic
D:2:      layout_basic, basic_altar, serial_shops, shop, nicolae_lakefront_shop,
          nicolae_shop_tiny_glass, nicolae_shop_window_shopping,
          nicolae_shop_mannequins
D:3:      layout_basic, lemuel_doored_altar, serial_forest,
          infiniplex_forest_pool, infiniplex_forest_lined_1,
          infiniplex_forest_zigzag_1, infiniplex_forest_diagonal,
          infiniplex_forest_lined_4_way
D:4:      layout_loops_corners, minmay_temple_entry_offerings,
          dk_noncrumbling_2, minmay_misc_feat_enclosed, nicolae_eternal_life,
          minmay_misc_feat_columns, chequers_jeans, grunt_tough_drop, uniq_pikel
Abyss:1:  base:
D:2

Skill      XL: |  1  2  3  4  5 |
---------------+----------------+-----
Polearms       | 1 2 3 4 6 |  6.7
Fighting       | 4 6 |  6.0
Armour         | 3 5 |  5.3
Axes           | |  3.6
Dodging        | |  2.1

Action                     |  1- 3 |  4- 6 |  7- 9 || total
---------------------------+-------+-------+-------++-------
  Melee: Spear             |    70 |   109 |    15 ||   194
         Headbutt          |    13 |    12 |     2 ||    27
         Hand axe          |     2 |       |       ||     2
         Punch             |       |       |     1 ||     1
 Invoke: Berserk           |       |     2 |       ||     2
         Trog's Hand       |       |       |     1 ||     1
    Use: Potion            |       |       |     1 ||     1
   Stab: Sleeping          |     1 |       |       ||     1
 Armour: Ring mail         |    11 |    18 |     4 ||    33
  Dodge: Dodged            |    22 |    35 |    10 ||    67

Table legend: (Time is in decaauts)
 A = Elapsed time spent in this place.
 B = Non-inter-level travel time spent in this place.
 C = Inter-level travel time spent in this place.
 D = Time resting spent in this place.
 E = Time spent auto-exploring this place.
 F = Levels seen in this place.
 G = Mean time per level.
                   A        B        C        D        E       F      G
               +--------+--------+--------+--------+--------+-----+--------+
         Total |   2716 |   2593 |    123 |      4 |   2104 |   5 |  543.2 |
       Dungeon |   2687 |   2564 |    123 |      4 |   2104 |   4 |  671.8 |
         Abyss |     28 |     28 |      0 |      0 |      0 |   1 |   28.0 |
               +--------+--------+--------+--------+--------+-----+--------+

Top non-repeatable levels by time:
     D:3: 939 daAuts
     D:1: 770 daAuts
     D:2: 635 daAuts
     D:4: 340 daAuts
 Abyss:1: 28 daAuts
